 Dungeon Crawl Stone Soup version 0.31.0-11-ge490571c62 (webtiles) character file.

Game seed: 15544738046489217913

46 Gadfly the Insei (level 3, 0/29 HPs)
             Began as a Demonspawn Monk on Feb 3, 2024.
             Killed from afar by an orc wizard (5 damage)
             ... with a magic dart
             ... on level 3 of the Dungeon.
             The game lasted 00:01:56 (1055 turns).

Gadfly the Insei (Demonspawn Monk)                  Turns: 1055, Time: 00:01:56

Health: 0/29       AC:  3    Str: 13    XL:     3   Next: 44%
Magic:  3/3        EV: 13    Int: 10    God:
Gold:   123        SH:  5    Dex: 15    Spells: 2/2 levels left

rFire   . .          .
                       - Unarmed
rCold   . . .        c - orb {light}
rNeg    . . .        a - +0 robe
rPois   .            (no helmet)
rElec   .            f - +0 cloak
rCorr   .            (no gloves)
SInv    .            (no boots)
Will    .....        h - amulet of reflection
Stlth   +            (no ring)
HPRegen 0.24/turn    (no ring)
MPRegen 0.08/turn

%: reflection
@: glowing
A: powered by death 1
a: no special abilities


You were on level 3 of the Dungeon.
You visited 1 branch of the dungeon, and saw 3 of its levels.

You collected 123 gold pieces.

Inventory:

Armour
 a - a +0 robe (worn)
 c - an orb of light (worn)
 f - a +0 cloak (worn)
Jewellery
 h - an amulet of reflection (around neck)
Potions
 b - a potion of ambrosia
 e - a potion of haste


   Skills:
 - Level 3.0 Fighting
 + Level 2.9 Dodging
 * Level 3.2 Unarmed Combat
 * Level 1.4 Evocations
 * Level 1.1 Shapeshifting


You had 2 spell levels left.
You didn't know any spells.
Your spell library was empty.

Dungeon Overview and Level Annotations

Branches:
Dungeon (3/15)

Altars:


Innate Abilities, Weirdness & Mutations

You regenerate a little health from kills.


Message History

You are too injured to fight recklessly!
You are too injured to fight recklessly!
You are too injured to fight recklessly!
You are too injured to fight recklessly!
You are too injured to fight recklessly!
You are too injured to fight recklessly!
You are too injured to fight recklessly!
You are too injured to fight recklessly!
You are too injured to fight recklessly!
You are too injured to fight recklessly!
You are too injured to fight recklessly!
You are too injured to fight recklessly!
You are too injured to fight recklessly!
You are too injured to fight recklessly!
Unknown command.
You hit the orc.
The orc is severely wounded.
The goblin barely misses you.
The orc wizard hits you with a +0 dagger.
* * * LOW HITPOINT WARNING * * *
The orc hits you with a +0 short sword.
* * * LOW HITPOINT WARNING * * *
The orc hits you with a +0 short sword.
* * * LOW HITPOINT WARNING * * *
You feel better. The goblin closely misses you.
The orc wizard hits you but does no damage.
The orc hits you with a +0 short sword.
* * * LOW HITPOINT WARNING * * *
The orc barely misses you.
You hit the orc.
You kill the orc!
The goblin closely misses you. The orc wizard barely misses you.
The orc barely misses you.
The orc wizard attacks as it pursues you!
The orc wizard barely misses you. The orc hits you with a +0 short sword.
* * * LOW HITPOINT WARNING * * *
You see here a +0 short sword.
The orc wizard points at you and mumbles some strange words.
The magic dart hits you.
You die... ###..?......# ..........[# #.........# #.......# #.....# #ogo#

##o## #.#
#@# #.##
#..#
####.#
##.##.#
####..<#.#
+........#
####...#.#
#.....#


You could see 2 orc wizards, an orc and a goblin.

Vanquished Creatures
  An adder (D:2)
  A ribbon worm (D:2)
  A dart slug (D:3)
  An orc (D:3)
  3 ball pythons
  4 goblins
  3 hobgoblins
  4 bats
  4 frilled lizards
  5 kobolds
  5 rats
32 creatures vanquished.

Notes
Turn   | Place    | Note
-------+----------+-------------------------------------------
     0 | D:1      | Gadfly the Demonspawn Monk began the quest for the Orb.
     0 | D:1      | Reached XP level 1. HP: 18/18 MP: 1/1
   194 | D:1      | Gained mutation: You regenerate a little health from kills.
                  | [demonic ancestry]
   194 | D:1      | Reached XP level 2. HP: 24/24 MP: 2/2
   510 | D:2      | Reached skill level 1 in Evocations
   635 | D:2      | Reached skill level 1 in Shapeshifting
   635 | D:2      | Reached XP level 3. HP: 23/29 MP: 3/3
  1050 | D:3      | HP: 1/29 [orc/+0 short sword (4)]
  1055 | D:3      | Killed from afar by an orc wizard

Illustrated notes

Levels and vault maps discovered:
D:1:      psy_arrival_conway, layout_rooms, amcnicky_mini_rare_corridor_liquid
D:2:      layout_rooms
D:3:      layout_loops_corners, yredelemnul_forgotten_temple_becter,
          ebering_ecumenical_altar_box, uniq_robin

Skill      XL: |  1  2 |
---------------+-------+-----
Evocations     | 1 |  1.4
Unarmed Combat | 3 |  3.2
Shapeshifting  | 1 |  1.1
Fighting       | |  3.0
Dodging        | |  2.9

Action                     || total
---------------------------++-------
  Melee: Unarmed           ||   106
    Use: Scroll            ||     6
         Potion            ||     1
 Armour: Robe              ||    51
  Dodge: Dodged            ||    76
